 Dungeon Crawl Stone Soup version 0.21.1-1-g345015fe64 (webtiles) character file.

109 Holzbalken the Cudgeler (level 4, 0/28 HPs)
             Began as a Gargoyle Monk on July 16, 2018.
             Killed from afar by error's ghost (12 damage)
             ... with a flame tongue
             ... on level 3 of the Dungeon.
             The game lasted 00:10:53 (3132 turns).

Holzbalken the Cudgeler (Gargoyle Monk)             Turns: 3132, Time: 00:10:53

Health: 0/28       AC: 12    Str: 16    XL:     4   Next: 89%
Magic:  0/4        EV:  7    Int: 10    God:
Gold:   207        SH:  0    Dex: 12    Spells: 3/3 levels left

rFire    . . .     SeeInvis .   a - +0 mace
rCold    . . .     Gourm    .   (no shield)
rNeg     + . .     Faith    .   k - +0 chain mail
rPois    ∞         Spirit   +   j - +0 helmet
rElec    +         Reflect  .   (no cloak)
rCorr    +         Harm     .   (no gloves)
MR       .....                  (no boots)
Stlth    ..........             l - amulet of guardian spirit
HPRegen  0.09/turn              h - ring of resist corrosion
MPRegen  0.09/turn              (no ring)

@: no status effects
A: negative energy resistance 1, electricity resistance, unbreathing,
petrification resistance, rot immunity, AC +3
a: no special abilities


You were on level 3 of the Dungeon.
You were not hungry.

You visited 1 branch of the dungeon, and saw 3 of its levels.

You collected 207 gold pieces.

Inventory:

Hand Weapons
 a - a +0 mace (weapon)
Armour
 j - a +0 helmet (worn)
 k - a +0 chain mail (worn)
 p - a +1 scale mail of cold resistance
Jewellery
 h - a ring of resist corrosion (left hand)
 l - an amulet of guardian spirit (around neck)
 s - an uncursed amulet of the gourmand
Scrolls
 b - a scroll of fog {unknown}
 f - a scroll of random uselessness {unknown}
 g - 2 scrolls of identify {unknown}
 q - a scroll of enchant armour {unknown}
Potions
 d - 2 potions of invisibility {unknown}
 e - a potion of ambrosia {unknown}
 i - 2 potions of curing
 o - a potion of lignification {unknown}
Books
 n - a book of Maledictions

   Spells                             Type                      Level
   a - Corona                         Hexes                        1
   b - Ensorcelled Hibernation        Hexes/Ice                    2
   c - Confuse                        Hexes                        3
   d - Tukima's Dance                 Hexes                        3
   e - Dazzling Spray                 Conjuration/Hexes            3
Comestibles
 c - 6 rations
 m - 3 chunks of flesh


   Skills:
 - Level 3.2 Fighting
 + Level 5.4 Maces & Flails
 - Level 2.4 Dodging
 - Level 2.1 Stealth


You had 3 spell levels left.
You didn't know any spells.

Dungeon Overview and Level Annotations

Branches:
Dungeon (3/15)

Altars:

Annotations:
D:3 error's ghost, amateur OpFE


Innate Abilities, Weirdness & Mutations

You are resistant to torment.
Your stone body is resilient. (AC +3)
You are immune to poison.
You resist negative energy. (rN+)
You are resistant to electric shocks. (rElec)
You can survive without breathing.
You are immune to petrification.
You are immune to rotting.


Message History

Error's ghost hits you. Error's ghost freezes you.
You hit error's ghost.
Error's ghost is severely damaged.
Error's ghost whispers, "Soon you will have time, lots of time..."
Error's ghost completely misses you.
Error's ghost says, "I died to destroy people like you for fun."
Error's ghost barely misses you.
You hit error's ghost.
Error's ghost is severely damaged.
Error's ghost hits you. Error's ghost freezes you.
* * * LOW HITPOINT WARNING * * *
You barely miss error's ghost.
Error's ghost is severely damaged.
Error's ghost stares at you and mumbles some strange words.
The puff of flame hits you!
* * * LOW HITPOINT WARNING * * *
It was a potion of curing.
You feel better.
Error's ghost stares at you and mumbles some strange words.
The flame tongue hits you!
You die...

.... ..# #
..# ..#
#.### .##
...## .#
...# # #..#
#..# #
#.W###.#####
#..@........
##.###.#####
#.# # #.#
#.# #. #.#
#.# #.# #.#
#.# #.# #.#
#.#


You could see error's ghost.

Vanquished Creatures
  3 adders
  3 worms
  A dart slug (D:1)
  2 leopard geckos (D:1)
  6 bats
  8 giant cockroaches
  7 goblins
  6 hobgoblins
  4 jackals (D:2)
  9 kobolds (D:1)
  3 ball pythons
  4 frilled lizards
  11 rats
67 creatures vanquished.

Notes
Turn   | Place    | Note
-------+----------+-------------------------------------------
     0 | D:1      | Holzbalken the Gargoyle Monk began the quest for the Orb.
     0 | D:1      | Reached XP level 1. HP: 14/14 MP: 1/1
    48 | D:1      | Reached XP level 2. HP: 14/19 MP: 2/2
   688 | D:1      | Reached skill level 4 in Maces & Flails
   758 | D:1      | Reached XP level 3. HP: 23/23 MP: 3/3
  1477 | D:2      | Reached XP level 4. HP: 28/28 MP: 4/4
  2391 | D:3      | Reached skill level 5 in Maces & Flails
  2396 | D:3      | Noticed error's ghost (amateur OpFE)
  3132 | D:3      | Killed from afar by error's ghost

Skill      XL: |  1  2  3  4 |
---------------+-------------+-----
Maces & Flails | 4 5 |  5.4
Fighting       | |  3.2
Dodging        | |  2.4
Stealth        | |  2.1

Action                   |  1- 3 |  4- 6 || total
-------------------------+-------+-------++-------
Melee: Mace              |   118 |   114 ||   232
  Use: Scroll            |       |     4 ||     4
       Potion            |       |     1 ||     1
 Stab: Sleeping          |     4 |       ||     4
  Eat: Chunk             |     2 |     2 ||     4
       Ration            |       |     1 ||     1
Armor: Robe              |    40 |       ||    40
       Ring mail         |     5 |    20 ||    25
       Scale mail        |       |    33 ||    33
       Chain mail        |       |    13 ||    13
Dodge: Dodged            |    79 |    57 ||   136
